 Dungeon Crawl Stone Soup version 0.18-a0-270-ga9d907f (webtiles) character file.

34 Raultor the Digger (level 3, -1/20 HPs)
             Began as a Gargoyle Earth Elementalist on Nov 26, 2015.
             Slain by a giant newt (2 damage)
             ... on level 2 of the Dungeon.
             The game lasted 00:03:28 (1322 turns).

Raultor the Digger (Gargoyle Earth Elementalist)    Turns: 1322, Time: 00:03:29

Health: -1/20      AC:  5    Str: 11    XL:     3   Next: 31%
Magic:  6/6        EV: 12    Int: 16    God:
Gold:   12         SH:  0    Dex: 10    Spells: 1 memorised, 5 levels left

rFire  + . .     SeeInvis .     h - +0 whip (curse)
rCold  + . .     Clarity  .     a - +0 robe
rNeg   + . .     SustAt   .     (no shield)
rPois  ∞         Gourm    .     (no helmet)
rElec  +         Spirit   .     (no cloak)
rCorr  +         Warding  .     (no gloves)
rMut   .         Stasis   .     (no boots)
MR     .....                    (no amulet)
Stlth  ++........               (no ring)
                                (no ring)

@: resistant, not resistant to hostile enchantments, unstealthy
A: negative energy resistance 1, electricity resistance, unbreathing,
petrification resistance, rot immunity, AC +3
a: no special abilities


You were on level 2 of the Dungeon.
You were not hungry.

You visited 1 branch of the dungeon, and saw 2 of its levels.

You collected 12 gold pieces.

Inventory:

Hand Weapons
 h - a cursed +0 whip (weapon)
Missiles
 b - 33 stones (quivered)
Armour
 a - a +0 robe (worn)
Scrolls
 f - 2 scrolls of identify {unknown}
 l - a scroll of immolation {unknown}
Potions
 g - a potion of flight {unknown}
 j - a potion of haste {unknown}
Books
 c - a book of Geomancy

   Spells                             Type                      Level
   a - Sandblast                      Earth                        1
   b - Stoneskin                      Transmutation/Earth          2
   c - Passwall                       Transmutation/Earth          3
   d - Stone Arrow                    Conjuration/Earth            3
   e - Petrify                        Transmutation/Earth          4
   f - Lee's Rapid Deconstruction     Earth                        5
Comestibles
 d - 2 bread rations
 i - a meat ration
 k - a chunk of flesh


   Skills:
 * Level 0.9 Fighting
 - Level 1.6 Dodging
 - Level 2.1 Stealth
 + Level 2.1 Spellcasting
   Level 0.7 Transmutations
 + Level 4.8 Earth Magic


You had 5 spell levels left.
You knew the following spells:

 Your Spells              Type           Power        Failure   Level  Hunger
a - Sandblast             Erth           ###...       3%          1    #......


Dungeon Overview and Level Annotations

Branches:
Dungeon (2/15)

Altars:
Fedhas


Innate Abilities, Weirdness & Mutations

You are resistant to torment.
Your stone body is resilient (AC +3).
You are immune to poison.
You resist negative energy.
You are resistant to electric shocks.
You can survive without breathing.
You are immune to petrification.
You are immune to rotting.


Message History

The kobold hits you but does no damage. The worm bites you!
Ouch! That really hurt!
The giant newt closely misses you.
You barely miss the worm.
The worm is almost dead.
The kobold hits you.
* * * LOW HITPOINT WARNING * * *
The giant newt bites you.
* * * LOW HITPOINT WARNING * * *
The worm barely misses you.
You are too injured to fight recklessly!
The giant newt bites you but does no damage.
The giant newt bites you.
* * * LOW HITPOINT WARNING * * *
Found a scroll labeled NUTEPN KUXTA.
Drink which item? (? for menu, Esc to quit)
It was a potion of resistance.
You feel protected. The kobold closely misses you. The giant newt bites you.
You die...

########
########......##########
.......................$
..?.....................
.......@l...............
........K...w...........
........#####...........
........................
...........#............
...###.....#...##.......
...........#...# .......
...........#...# .......
.........#...# .......


You could see a worm, a kobold and a giant newt.

Vanquished Creatures
  A giant gecko (D:2)
  A ball python (D:1)
  4 bats
  A giant cockroach (D:1)
  9 hobgoblins
  5 kobolds
  2 giant newts (D:1)
  4 goblins
  2 jackals (D:1)
  A rat (D:1)
30 creatures vanquished.

Notes
Turn   | Place    | Note
--------------------------------------------------------------
     0 | D:1      | Raultor the Gargoyle Earth Elementalist began the quest for the Orb.
     0 | D:1      | Reached XP level 1. HP: 10/10 MP: 3/3
   178 | D:1      | Reached skill level 4 in Earth Magic
   179 | D:1      | Reached XP level 2. HP: 15/15 MP: 1/5
   963 | D:1      | Reached XP level 3. HP: 17/20 MP: 6/6
  1258 | D:2      | Found a blossoming altar of Fedhas.
  1317 | D:2      | HP: 1/20 [giant newt (2)]
  1322 | D:2      | Slain by a giant newt

Vault maps used:
D:1:      tarquinn_simple_flora_water_a, kennysheep_nondescript, st_stairs_5
D:2:      fedhas_altar_1, gammafunk_temple_overflow_forgotten, first_bread

Action                   || total
-------------------------++-------
Melee: Club              ||    17
       Unarmed           ||     7
       Whip              ||   122
 Cast: Sandblast         ||     3
  Use: Potion            ||     1
 Stab: Sleeping          ||     3
  Eat: Chunk             ||     2
